Map: Acropolis LE

Players

A.I. 1 (Medium) - Winner!

  • Race: Terran Terran
  • Spawn Location: 5:00

Slaight

  • Race: Protoss Protoss
  • Spawn Location: 11:00

VOD

Have the link to the VOD?

Description

Time

  • Played on: July 26, 2019, 11:13 a.m.
  • Length: 4:28
Show
View Real Time Build Order
Export as new Build Order

A.I. 1 (Medium) Terran - Winner!

Build Orders:  

Get SALT Encoding   

  12  0:00  SCV  
  13  0:13  SCV  
  14  0:17  Supply Depot  
  14  0:25  SCV  
  15  0:39  SCV  
  16  0:43  Barracks  
  16  0:49  Refinery  
  16  0:51  SCV  
  17  1:03  SCV  
  18  1:15  Supply Depot  
  18  1:31  Marine  
  18  1:32  Orbital Command, Barracks  
  19  1:39  Refinery  
  19  1:49  Barracks Tech Lab  
  19  2:07  Marine  
  20  2:09  Supply Depot  
  20  2:18  Marine  
  21  2:27  Marauder  
  21  2:28  SCV  
  24  2:36  Marine  
  25  2:40  SCV  
  26  2:44  Supply Depot  
  26  2:48  Marine  
  27  2:51  Engineering Bay  
  27  2:52  SCV  
  27  2:54  Marine  
  29  3:04  SCV  
  30  3:07  Marauder  
  32  3:16  SCV  
  33  3:28  Marauder, SCV  
  36  4:12  SCV  
Show
View Real Time Build Order
Export as new Build Order

Slaight Protoss 

Build Orders:  

Get SALT Encoding   

  12  0:04  Probe  
  13  0:18  Probe  
  14  0:32  Pylon  
  14  0:35  Probe  
  15  0:50  Probe  
  15  0:51  Gateway  
  16  1:02  Probe  
  17  1:15  Assimilator  
  17  1:16  Probe  
  18  1:28  Probe  
  19  1:40  Cybernetics Core  
  19  2:08  Pylon  
  19  2:39  Shield Battery  
  19  2:41  Shield Battery  
  19  2:45  Pylon  
  19  2:56  Adept  
  21  3:02  Probe  
  22  3:14  Probe  
  23  3:47  Robotics Facility  
  23  3:55  Robotics Facility  
Tags
 
Matchup
PvT
Spawn Locations
Cross Positions
Add a new tag
Caveats
  • Supply blocks, unpowered buildings, or Contaminate may cause inaccurate times.
  • Supply counts are checked every 10 seconds.